 Dungeon Sprint DCSS version 0.17.0-56-gd8de76c (webtiles) character file.

204 kosy22 the Nimble (level 8, -4/88 HPs)
             Began as a Troll Fighter on Dec 5, 2015.
             Was a High Priest of Qazlal.
             Slain by the 27-headed Lernaean hydra (8 damage)
             ... in the Dungeon (Sprint VI: "Thunderdome").
             The game lasted 00:07:29 (717 turns).

kosy22 the Nimble (Troll Fighter)                    Turns: 717, Time: 00:07:29

Health: -4/88      AC:  8    Str: 27    XL:     8   Next: 24%
Magic:  5/7        EV: 13    Int: 11    God:    Qazlal [*****.]
Gold:   275        SH:  0    Dex: 12    Spells: 0 memorised, 7 levels left

rFire  + . .     SeeInvis +       - Unarmed
rCold  . . .     Clarity  .     a - +0 robe
rNeg   + . .     SustAt   .     b - +0 shield
rPois  .         Gourm    +     (helmet restricted)
rElec  .         Spirit   .     (no cloak)
rCorr  +         Warding  .     (gloves unavailable)
rMut   .         NoTele   +     (boots unavailable)
MR     .....                    o - amulet "Xiestreank" {rCorr rN+ SInv}
Stlth  ..........               r - ring "Ehiloqiy" {Int+3 Stlth-}
                                p - ring of the Okapi {rF+ Int+4 Dex+3 SInv}

@: confused, protected from physical damage, very slightly contaminated, repel
missiles, not resistant to hostile enchantments, extremely unstealthy
A: unfitting armour, claws 3, fast metabolism 3, gourmand, regeneration 2,
shaggy fur 1, tough skin 2
a: Upheaval, Elemental Force, Disaster Area, Renounce Religion


You were in the Dungeon.
You worshipped Qazlal.
Qazlal was extremely pleased with you.
You were not hungry.

You visited 1 branch You collected 500 gold pieces.
You spent 225 gold pieces at shops.

Inventory:

Armour
 a - a +0 robe (worn)
 b - a +0 shield (worn)
Jewellery
 n - the ring "Pienus" {Int+4 Dex+5 Slay-6 Stlth-}
   (You bought it in a shop in the Dungeon)

   [ring of loudness]

   It affects your intelligence (+4).
   It affects your dexterity (+5).
   It affects your accuracy and damage with ranged weapons and melee attacks
   (-6).
   It makes you less stealthy.
 o - the amulet "Xiestreank" (around neck) {rCorr rN+ SInv}
   (You bought it in a shop in the Dungeon)

   [amulet of resist corrosion]

   It protects you from acid and corrosion.
   It protects you from negative energy.
   It lets you see invisible.
 p - the ring of the Okapi (left claw) {rF+ Int+4 Dex+3 SInv}
   (You bought it in a shop in the Dungeon)

   [ring of see invisible]

   It affects your intelligence (+4).
   It affects your dexterity (+3).
   It protects you from fire.
   It lets you see invisible.
 q - the ring "Plog" {rElec rC+ Slay-3 SInv Stlth+}
   (You bought it in a shop in the Dungeon)

   [ring of protection from cold]

   It affects your accuracy and damage with ranged weapons and melee attacks
   (-3).
   It protects you from cold.
   It insulates you from electricity.
   It lets you see invisible.
   It makes you more stealthy.
 r - the ring "Ehiloqiy" (right claw) {Int+3 Stlth-}
   (You bought it in a shop in the Dungeon)

   [ring of loudness]

   It affects your intelligence (+3).
   It makes you less stealthy.
Wands
 k - a wand of cold (2)
 l - a wand of fire (1)
Scrolls
 j - 3 scrolls of blinking
 m - 3 scrolls of fog
Potions
 c - a potion of might
 e - a potion of resistance
 f - 3 potions of heal wounds
 g - 4 potions of haste
 h - 2 potions of magic
 i - a potion of berserk rage
Comestibles
 d - a bread ration


   Skills:
 + Level 8.2 Fighting
 + Level 9.0 Dodging
 + Level 1.0 Stealth
 + Level 8.3 Shields
 + Level 7.6 Unarmed Combat
 + Level 0.2 Evocations


You had 7 spell levels left.
You didn't know any spells.

Dungeon Overview and Level Annotations

Branches:
Dungeon (1/1)

Altars:
Cheibriados
Dithmenos
Fedhas
Gozag
Kikubaaqudgha
Makhleb
Okawaru
Qazlal
Ru
Sif Muna
Trog
Vehumet
Xom
Yredelemnul
Zin
The Shining One
Jiyva
Lugonu

Shops:
D *[%??*?*:[((!!!!

Annotations:
D Lernaean hydra


Innate Abilities, Weirdness & Mutations

You are too large for most types of armour.
You have claws for hands.
Your metabolism is lightning-fast.
You like to eat raw meat.
You heal very quickly.
You are covered in fur (AC +1).
You have very tough skin (AC +2).


Message History

The 27-headed Lernaean hydra barely misses you.
The 27-headed Lernaean hydra bites you!
* * * LOW HITPOINT WARNING * * *
You feel more protected from physical attacks.
The 27-headed Lernaean hydra bites you.
* * * LOW HITPOINT WARNING * * *
The 27-headed Lernaean hydra barely misses you. x2
The 27-headed Lernaean hydra bites you but does no damage.
The 27-headed Lernaean hydra bites you!
* * * LOW HITPOINT WARNING * * *
The 27-headed Lernaean hydra bites you but does no damage.
The 27-headed Lernaean hydra barely misses you.
The 27-headed Lernaean hydra bites you!
* * * LOW HITPOINT WARNING * * *
You feel more protected from physical attacks.
The 27-headed Lernaean hydra bites you.
* * * LOW HITPOINT WARNING * * *
You feel more protected from physical attacks.
The 27-headed Lernaean hydra bites you!
You die...

##∩.....((.8.#
#.8........∩###
##∩___..((..###......___∩##
######(8.......J.8.######
#⌠.()........§#
###...(.....### #_....§§k§#
#.....§§§§# #_.....§D§#
#∩....§@§§# ##∩...§.§##
##....§## ##⌠⌠⌠## #####


You could see the 27-headed Lernaean hydra, a slime creature and a swamp drake.

Vanquished Creatures
  A kobold demonologist (D)
  2 queen bees (D)
  A soldier ant (D)
  2 big kobolds (D)
  A brain worm (D)
  4 killer bees (D)
  3 worker ants (D)
  A worm (D)
  3 giant cockroaches (D)
  3 kobolds (D)
21 creatures vanquished.

Notes
Turn   | Place    | Note
--------------------------------------------------------------
     0 | D        | kosy22 the Troll Fighter began the quest for the Orb.
     0 | D        | Reached XP level 1. HP: 22/22 MP: 0/0
     1 | D        | Found a shimmering altar of Xom.
     2 | D        | Found a radiant altar of Vehumet.
     2 | D        | Found a shadowy altar of Dithmenos.
     3 | D        | Found an opulent altar of Gozag.
     4 | D        | Found Saic's Distillery.
     4 | D        | Found a corrupted altar of Lugonu.
     4 | D        | Found an iron altar of Okawaru.
     4 | D        | Found a glowing golden altar of the Shining One.
     4 | D        | Found Igekk's Do-It-Yourself Clinic.
     5 | D        | Found Ruc Niob's Distillery.
     5 | D        | Found Neiriseu's Bottled Wisdom.
     5 | D        | Round 1.
     8 | D        | Noticed a worker ant
    19 | D        | Killed a worker ant
    19 | D        | Reached skill level 3 in Fighting
    19 | D        | Reached XP level 2. HP: 8/31 MP: 1/1
    24 | D        | Found a bloodstained altar of Trog.
    63 | D        | Found Taobbud's Weapon Rack.
    63 | D        | Found Toidan's Basic Armour.
    64 | D        | Found Poirez's Miscellaneous Merchandise.
    69 | D        | Found a snail-covered altar of Cheibriados.
    69 | D        | Found Suge's Premium Goods.
    69 | D        | Found a burning altar of Makhleb.
    75 | D        | Found a stormy altar of Qazlal.
    84 | D        | Noticed a soldier ant
    89 | D        | Found a deep blue altar of Sif Muna.
    90 | D        | Found a glowing silver altar of Zin.
    92 | D        | Found Ceremn's Identification Station.
    93 | D        | Found Punekh's Advanced Armour.
    93 | D        | Found Weinal's Jewellery.
    97 | D        | Became a worshipper of Qazlal Stormbringer
   101 | D        | Reached skill level 4 in Fighting
   101 | D        | Reached XP level 3. HP: 30/39 MP: 2/2
   112 | D        | Killed a soldier ant
   112 | D        | Reached skill level 5 in Fighting
   112 | D        | Reached skill level 5 in Dodging
   112 | D        | Reached skill level 5 in Shields
   112 | D        | Reached XP level 4. HP: 17/50 MP: 3/3
   112 | D        | Reached XP level 5. HP: 19/57 MP: 4/4
   118 | D        | Reached * piety under Qazlal
   128 | D        | Found a blossoming altar of Fedhas.
   128 | D        | Found a basalt altar of Yredelemnul.
   128 | D        | Found Viexaitz's Bee Food.
   149 | D        | Arena points: 5 (+5) [x1]
   164 | D        | Round 2.
   175 | D        | Found a sacrificial altar of Ru.
   232 | D        | Found Ciywkun's Staff Store.
   276 | D        | Reached ** piety under Qazlal
   292 | D        | Found an ancient bone altar of Kikubaaqudgha.
   296 | D        | Found a viscous altar of Jiyva.
   301 | D        | Found Jeh Woi's Magic Scroll Shop.
   302 | D        | Found Imumub's Magic Scroll Shop.
   302 | D        | Found Hibar's Must-Have Magic.
   314 | D        | Arena points: 29 (+24) [x2]
   314 | D        | Reached skill level 6 in Fighting
   314 | D        | Reached XP level 6. HP: 54/67 MP: 5/5
   324 | D        | Bought a flickering iron ring for 45 gold pieces
   324 | D        | Bought a transparent garnet amulet for 45 gold pieces
   324 | D        | Identified the ring "Pienus" {Int+4 Dex+5 Slay-6 Stlth-} (You bought it in a shop in the Dungeon)
   325 | D        | Identified the amulet "Xiestreank" {rCorr rN+ SInv} (You bought it in a shop in the Dungeon)
   331 | D        | Bought a transparent jade ring for 45 gold pieces
   331 | D        | Bought a crude granite ring for 45 gold pieces
   331 | D        | Identified the ring of the Okapi {rF+ Int+4 Dex+3 SInv} (You bought it in a shop in the Dungeon)
   332 | D        | Identified the ring "Plog" {rElec rC+ Slay-3 SInv Stlth+} (You bought it in a shop in the Dungeon)
   340 | D        | Bought a bound lead ring for 45 gold pieces
   340 | D        | Identified the ring "Ehiloqiy" {Int+3 Stlth-} (You bought it in a shop in the Dungeon)
   369 | D        | Round 3.
   379 | D        | Noticed a kobold demonologist
   380 | D        | Reached skill level 5 in Unarmed Combat
   385 | D        | Noticed a ynoxinul
   388 | D        | Noticed a sixfirhy
   389 | D        | Killed a kobold demonologist
   389 | D        | Reached *** piety under Qazlal
   389 | D        | Reached skill level 7 in Fighting
   389 | D        | Reached XP level 7. HP: 65/78 MP: 6/6
   470 | D        | Reached **** piety under Qazlal
   470 | D        | Arena points: 92 (+63) [x3]
   526 | D        | Round 4.
   544 | D        | Reached skill level 8 in Dodging
   567 | D        | Noticed a queen bee
   593 | D        | Killed a queen bee
   593 | D        | Reached ***** piety under Qazlal
   593 | D        | Reached skill level 1 in Stealth
   593 | D        | Reached XP level 8. HP: 23/88 MP: 7/7
   615 | D        | Noticed a queen bee
   619 | D        | Killed a queen bee
   619 | D        | Arena points: 204 (+112) [x4]
   619 | D        | Reached skill level 9 in Dodging
   673 | D        | Round 5.
   687 | D        | Noticed the 27-headed Lernaean hydra
   699 | D        | Noticed a slime creature
   717 | D        | HP: 4/88 [the 27-headed Lernaean hydra (4)]
   717 | D        | Slain by the 27-headed Lernaean hydra

Action                   |  1- 3 |  4- 6 |  7- 9 || total
-------------------------+-------+-------+-------++-------
Melee: Unarmed           |    22 |    23 |    34 ||    79
Invok: Upheaval          |       |       |     1 ||     1
Evoke: Wand              |       |       |     7 ||     7
  Use: Potion            |     1 |       |     1 ||     2
       Scroll            |       |       |     1 ||     1
  Eat: Bread ration      |       |       |     1 ||     1
